 Dungeon Crawl Stone Soup version 0.14-a0-30-gf0b6e91 (webtiles) character file.

874 Sachiko the Ruffian (level 7, 0/66 HPs)
             Began as a Troll Monk on Sept 27, 2013.
             Slain by a slave (4 damage)
             ... led by Pikel
             ... on Level 5 of the Dungeon.
             The game lasted 00:10:16 (3082 turns).

Sachiko the Ruffian (Troll Monk)                    Turns: 3082, Time: 00:10:16

HP   0/66        AC  6     Str 20      XL: 7   Next: 42%
MP   2/2         EV 11     Int  8      God:
Gold 156         SH  0     Dex 12      Spells:  0 memorised,  6 levels left

Res.Fire  : . . .   See Invis. : +     - Unarmed
Res.Cold  : . . .   Warding    : .   a - +0 robe
Life Prot.: + . .   Conserve   : .   (shield restricted)
Res.Poison: .       Res.Corr.  : .   (helmet restricted)
Res.Elec. : .       Clarity    : .   w - +0 cloak
Sust.Abil.: . .     Spirit.Shd : .   (gloves unavailable)
Res.Mut.  : .       Stasis     : .   (boots unavailable)
Res.Rott. : .       Flight     : .   (no amulet)
Gourmand  : +                        t - ring of positive energy {unknown}
                                     k - ring of see invisible

@: slightly resistant to hostile enchantments, unstealthy
A: unfitting armour, claws 3, fast metabolism 3, gourmand, regeneration 2,
saprovore 2, tough skin 2, AC +1
a: no special abilities


You were on level 5 of the Dungeon.
You were completely stuffed.

You visited 1 branch of the dungeon, and saw 5 of its levels.

You collected 156 gold pieces.

Inventory:

Armour
 a - a +0 robe (worn)
 w - a +0 cloak (worn)
Magical devices
 j - a wand of teleportation (7) {unknown}
Comestibles
 b - 3 meat rations
 d - a choko
 g - a royal jelly
 l - a pear
 n - a rotting chunk of bat flesh
 o - 2 bread rations
 p - a chunk of rat flesh
 v - 2 chunks of hound flesh
Scrolls
 c - 3 scrolls of fear
 e - 3 scrolls of teleportation
 f - 2 scrolls of remove curse {unknown}
 h - a scroll of blinking
 s - 2 scrolls of identify
Jewellery
 k - a ring of see invisible (left claw)
 r - an uncursed ring of protection from magic {unknown}
 t - a ring of positive energy (right claw) {unknown}
Potions
 m - a potion of speed
 q - a potion of slowing


   Skills:
 + Level 3.4 Fighting
 + Level 4.8 Dodging
 - Level 1.1 Stealth
 * Level 7.1 Unarmed Combat


You had 6 spell levels left.
You didn't know any spells.

Dungeon Overview and Level Annotations

Branches:
Dungeon (5/27)             Temple (0/1) D:4

Altars:

Annotations:
D:5 Pikel


Innate Abilities, Weirdness & Mutations

You are too large for most types of armour.
You have claws for hands.
Your metabolism is lightning-fast.
You like to eat raw meat.
You heal very quickly.
You can eat rotten meat.
You are covered in fur (AC +1).
You have very tough skin (AC +2).


Message History

Pikel hits you with a whip of electrocution.
The slave hits you but does no damage.
You closely miss Pikel.
Pikel is severely wounded.
The slave hits you!
* * * LOW HITPOINT WARNING * * *
The slave hits you but does no damage. Pikel misses you.
The slave barely misses you.
You closely miss Pikel.
Pikel is severely wounded.
The slave hits you!
* * * LOW HITPOINT WARNING * * *
The slave hits you.
* * * LOW HITPOINT WARNING * * *
Pikel hits you with a whip of electrocution.
* * * LOW HITPOINT WARNING * * *
The slave hits you.
* * * LOW HITPOINT WARNING * * *
The slave hits you.
You die...

,,,*#...........,,,,,,,,*,,,**,,,
,,,*#........###,,,**,,,*,,,,*,,,
,,**,,,,#......#,,,,*,,,,,,,***,,
***,,,,,###..(.##,,,**,,,,,,*,,,,
*,,,,,*** ##....###**,,,,,***,,,,
*,,,,,* #...K..#*,,,,****,,,,,
*,,,*** ###.@..##<,,,,*,,,,,**
,,,,* ##@@..#**,,,,,,,,,*, ,,,**
##@..# *,,,,,,,***, ,,**
#....#****,,,****,, ,,*
#...###,,,,,,>,,*,, ***
#.....#,,,,,,,,,*** *
##....##,,,*,,,,,,*
##....##,,***,,,,*
#.....#******,,,*
###...#,,,,*,,,,,
##....#,,,,,,,,,,


You could see Pikel (bleeding) and 3 slaves.

Vanquished Creatures
  The ghost of krumphau the Slasher, an experienced HuFi of Okawaru (D:5)
  An ogre (D:3)
  A phantom (D:4)
  2 orc wizards
  A hound (D:5)
  A worker ant (D:3)
  A gnoll (D:3)
  4 adders
  An inept feature mimic (D:5)
  3 worms
  10 orcs
  A giant cockroach (D:3)
  7 goblins
  6 hobgoblins
  11 jackals
  5 kobolds
  8 bats
  6 giant newts
  A giant newt skeleton (D:4)
  4 quokkas
  8 rats
83 creatures vanquished.

Notes
Turn   | Place    | Note
--------------------------------------------------------------
     0 | D:1      | Sachiko, the Troll Monk, began the quest for the Orb.
     0 | D:1      | Reached XP level 1. HP: 20/20 MP: 0/0
   133 | D:1      | Reached XP level 2. HP: 28/28 MP: 0/0
  1100 | D:2      | Reached XP level 3. HP: 31/35 MP: 1/1
  1609 | D:3      | Reached skill level 5 in Unarmed Combat
  1609 | D:3      | Reached XP level 4. HP: 44/44 MP: 1/1
  2186 | D:3      | Noticed an ogre
  2190 | D:3      | Killed an ogre
  2190 | D:3      | Reached XP level 5. HP: 50/50 MP: 1/1
  2281 | D:4      | Reached skill level 6 in Unarmed Combat
  2284 | D:4      | Found a staircase to the Ecumenical Temple.
  2348 | D:4      | Reached XP level 6. HP: 23/59 MP: 2/2
  2716 | D:4      | Noticed a phantom
  2729 | D:4      | Killed a phantom
  2936 | D:5      | Entered Level 5 of the Dungeon
  2953 | D:5      | Noticed krumphau's ghost (experienced HuFi)
  2973 | D:5      | Killed krumphau's ghost
  2973 | D:5      | Reached skill level 7 in Unarmed Combat
  2973 | D:5      | Reached XP level 7. HP: 51/66 MP: 2/2
  3059 | D:5      | Noticed Pikel
  3077 | D:5      | HP: 1/66 [slave[Pikel] (5)]
  3082 | D:5      | Slain by a slave

Action                   |  1- 3 |  4- 6 |  7- 9 || total
-------------------------+-------+-------+-------++-------
Melee: Unarmed           |    88 |   141 |    11 ||   240
  Use: Scroll            |     6 |     1 |     2 ||     9
       Potion            |     2 |     5 |     3 ||    10
 Stab: Sleeping          |     1 |     2 |       ||     3
